Workbook
Name RESPUESTA: Hoja2!$A$1:$A$3

Sheet Marco contable
C1: Proceso Control y Evaluación de la Gestión Formato Evaluación de Control Interno Contable | E1: Código: | F1: F-S-1010-78
E3: Versión: | F3: 3
B6: MARCO DE REFERENCIA DEL PROCESO CONTABLE
B7: ELEMENTOS DEL MARCO NORMATIVO
B8: POLÍTICAS CONTABLES | C8: TIPO | D8: CALIFICACIÓN | E8: TOTAL | F8: OBSERVACIONES
A9: 1 | B9: ¿La entidad ha definido las políticas contables que debe aplicar para el reconocimiento, medición, revelación y presentación de los hechos económicos de acuerdo con el marco normativo que le corresponde aplicar? | C9: Ex | E9: =IF(D9<>"",IF(C9="Ex",VLOOKUP(D9,Hoja2!$A$7:$B$9,2,FALSE),IF(C9="ef",VLOOKUP(D9,Hoja2!$D$7:$E$9,2,FALSE),"")),"")
A10: 1.1 | B10: ¿Se socializan las políticas con el personal involucrado en el proceso ? | C10: Ef | E10: =IF(D10<>"",IF(C10="Ex",VLOOKUP(D10,Hoja2!$A$7:$B$9,2,FALSE),IF(C10="ef",VLOOKUP(D10,Hoja2!$D$7:$E$9,2,FALSE),"")),"")
A11: 1.2 | B11: ¿Las políticas establecidas son aplicadas en el desarrollo del proceso contable? | C11: Ef | E11: =IF(D11<>"",IF(C11="Ex",VLOOKUP(D11,Hoja2!$A$7:$B$9,2,FALSE),IF(C11="ef",VLOOKUP(D11,Hoja2!$D$7:$E$9,2,FALSE),"")),"")
A12: 1.3 | B12: ¿Las políticas contables responden a la naturaleza y a la actividad de la entidad? | C12: Ef | E12: =IF(D12<>"",IF(C12="Ex",VLOOKUP(D12,Hoja2!$A$7:$B$9,2,FALSE),IF(C12="ef",VLOOKUP(D12,Hoja2!$D$7:$E$9,2,FALSE),"")),"")
A13: 1.4 | B13: ¿Las políticas contables propenden por la representación fiel de la información financiera? | C13: Ef | E13: =IF(D13<>"",IF(C13="Ex",VLOOKUP(D13,Hoja2!$A$7:$B$9,2,FALSE),IF(C13="ef",VLOOKUP(D13,Hoja2!$D$7:$E$9,2,FALSE),"")),"")
A14: 2 | B14: ¿Se establecen instrumentos (planes, procedimientos, manuales, reglas de negocio, guías, etc) para el seguimiento al cumplimiento de los planes de mejoramiento derivados de los hallazgos de auditoría interna o externa? | C14: Ex | E14: =IF(D14<>"",IF(C14="Ex",VLOOKUP(D14,Hoja2!$A$7:$B$9,2,FALSE),IF(C14="ef",VLOOKUP(D14,Hoja2!$D$7:$E$9,2,FALSE),"")),"")
A15: 2.1 | B15: ¿Se socializan estos instrumentos de seguimiento con los responsables? | C15: Ef | E15: =IF(D15<>"",IF(C15="Ex",VLOOKUP(D15,Hoja2!$A$7:$B$9,2,FALSE),IF(C15="ef",VLOOKUP(D15,Hoja2!$D$7:$E$9,2,FALSE),"")),"")
A16: 2.2 | B16: ¿Se hace seguimiento o monitoreo al cumplimiento de los planes de mejoramiento? | C16: Ef | E16: =IF(D16<>"",IF(C16="Ex",VLOOKUP(D16,Hoja2!$A$7:$B$9,2,FALSE),IF(C16="ef",VLOOKUP(D16,Hoja2!$D$7:$E$9,2,FALSE),"")),"")
A17: 3 | B17: ¿La entidad cuenta con una política o instrumento (procedimiento, manual, regla de negocio, guía, instructivo, etc.) tendiente a facilitar el flujo de información relativo a los hechos económicos originados en cualquier dependencia? | C17: Ex | E17: =IF(D17<>"",IF(C17="Ex",VLOOKUP(D17,Hoja2!$A$7:$B$9,2,FALSE),IF(C17="ef",VLOOKUP(D17,Hoja2!$D$7:$E$9,2,FALSE),"")),"")
A18: 3.1 | B18: ¿Se socializan estas herramientas con el personal involucrado en el proceso? | C18: Ef | E18: =IF(D18<>"",IF(C18="Ex",VLOOKUP(D18,Hoja2!$A$7:$B$9,2,FALSE),IF(C18="ef",VLOOKUP(D18,Hoja2!$D$7:$E$9,2,FALSE),"")),"")
A19: 3.2 | B19: Se tienen identificados los documentos idoneos mediante los cuales se informa al área contable? | C19: Ef | E19: =IF(D19<>"",IF(C19="Ex",VLOOKUP(D19,Hoja2!$A$7:$B$9,2,FALSE),IF(C19="ef",VLOOKUP(D19,Hoja2!$D$7:$E$9,2,FALSE),"")),"")
A20: 3.3 | B20: ¿Existen procedimientos internos documentados que faciliten la aplicación de la política? | C20: Ef | E20: =IF(D20<>"",IF(C20="Ex",VLOOKUP(D20,Hoja2!$A$7:$B$9,2,FALSE),IF(C20="ef",VLOOKUP(D20,Hoja2!$D$7:$E$9,2,FALSE),"")),"")
A21: 4 | B21: ¿Se ha implementado una política o instrumento (directriz, procedimiento, guía o lineamiento) sobre la identificación de los bienes físicos en forma individualizada dentro del documentados que faciliten la aplicación de la política? | C21: Ex | E21: =IF(D21<>"",IF(C21="Ex",VLOOKUP(D21,Hoja2!$A$7:$B$9,2,FALSE),IF(C21="ef",VLOOKUP(D21,Hoja2!$D$7:$E$9,2,FALSE),"")),"")
A22: 4.1 | B22: ¿Se ha socializado este instrumento con el personal involucrado en el proceso? | C22: Ef | E22: =IF(D22<>"",IF(C22="Ex",VLOOKUP(D22,Hoja2!$A$7:$B$9,2,FALSE),IF(C22="ef",VLOOKUP(D22,Hoja2!$D$7:$E$9,2,FALSE),"")),"")
A23: 4.2 | B23: ¿Se verifica la individualización de los bienes físicos? | C23: Ef | E23: =IF(D23<>"",IF(C23="Ex",VLOOKUP(D23,Hoja2!$A$7:$B$9,2,FALSE),IF(C23="ef",VLOOKUP(D23,Hoja2!$D$7:$E$9,2,FALSE),"")),"")
A24: 5 | B24: ¿Se cuenta con una directriz, guía o procedimiento para realizar las conciliaciones de las partidas más relevantes, a fin de lograr una adecuada identificación y medición? | C24: Ex | E24: =IF(D24<>"",IF(C24="Ex",VLOOKUP(D24,Hoja2!$A$7:$B$9,2,FALSE),IF(C24="ef",VLOOKUP(D24,Hoja2!$D$7:$E$9,2,FALSE),"")),"")
A25: 5.1 | B25: ¿Se socializan estas directrices, guías o procedimientos con el personal involucrado en el proceso? | C25: Ef | E25: =IF(D25<>"",IF(C25="Ex",VLOOKUP(D25,Hoja2!$A$7:$B$9,2,FALSE),IF(C25="ef",VLOOKUP(D25,Hoja2!$D$7:$E$9,2,FALSE),"")),"")
A26: 5.2 | B26: ¿Se verifica la aplicación de estas directrices, guías o procedimientos? | C26: Ef | E26: =IF(D26<>"",IF(C26="Ex",VLOOKUP(D26,Hoja2!$A$7:$B$9,2,FALSE),IF(C26="ef",VLOOKUP(D26,Hoja2!$D$7:$E$9,2,FALSE),"")),"")
A27: 6 | B27: ¿Se cuenta con una directriz, guía, lineamiento, procedimiento o instrucción en que se defina la segregación de funciones (autorizaciones, registros y manejos) dentro de los procesos contables? | C27: Ex | E27: =IF(D27<>"",IF(C27="Ex",VLOOKUP(D27,Hoja2!$A$7:$B$9,2,FALSE),IF(C27="ef",VLOOKUP(D27,Hoja2!$D$7:$E$9,2,FALSE),"")),"")
A28: 6.1 | B28: ¿Se socializa esta directriz, guía, lineamiento, procedimiento o instrucción con el personal involucrado en el proceso? | C28: Ef | E28: =IF(D28<>"",IF(C28="Ex",VLOOKUP(D28,Hoja2!$A$7:$B$9,2,FALSE),IF(C28="ef",VLOOKUP(D28,Hoja2!$D$7:$E$9,2,FALSE),"")),"")
A29: 6.2 | B29: ¿Se verifica el cumplimiento de esta directriz, guía, lineamiento, procedimiento o instrucción? | C29: Ef | E29: =IF(D29<>"",IF(C29="Ex",VLOOKUP(D29,Hoja2!$A$7:$B$9,2,FALSE),IF(C29="ef",VLOOKUP(D29,Hoja2!$D$7:$E$9,2,FALSE),"")),"")
A30: 7 | B30: ¿Se cuenta con una directriz, procedimiento, guía, lineamiento o instrucción para la presentación oportuna de la información financiera? | C30: Ex | E30: =IF(D30<>"",IF(C30="Ex",VLOOKUP(D30,Hoja2!$A$7:$B$9,2,FALSE),IF(C30="ef",VLOOKUP(D30,Hoja2!$D$7:$E$9,2,FALSE),"")),"")
A31: 7.1 | B31: ¿Se socializa esta directriz, guía, lineamiento, procedimiento o instrucción con el personal involucrado en el proceso? | C31: Ef | E31: =IF(D31<>"",IF(C31="Ex",VLOOKUP(D31,Hoja2!$A$7:$B$9,2,FALSE),IF(C31="ef",VLOOKUP(D31,Hoja2!$D$7:$E$9,2,FALSE),"")),"")
A32: 7.2 | B32: ¿Se cumple con la directriz, guía, lineamiento, procedimiento o instrucción? | C32: Ef | E32: =IF(D32<>"",IF(C32="Ex",VLOOKUP(D32,Hoja2!$A$7:$B$9,2,FALSE),IF(C32="ef",VLOOKUP(D32,Hoja2!$D$7:$E$9,2,FALSE),"")),"")
A33: 8 | B33: ¿Existe un procedimiento para llevar a cabo, en forma adecuada, el cierre integral de la información producida en las áreas o dependencias que generan hechos económicos? | C33: Ex | E33: =IF(D33<>"",IF(C33="Ex",VLOOKUP(D33,Hoja2!$A$7:$B$9,2,FALSE),IF(C33="ef",VLOOKUP(D33,Hoja2!$D$7:$E$9,2,FALSE),"")),"")
A34: 8.1 | B34: ¿Se socializa este procedimiento con el personal involucrado en el proceso? | C34: Ef | E34: =IF(D34<>"",IF(C34="Ex",VLOOKUP(D34,Hoja2!$A$7:$B$9,2,FALSE),IF(C34="ef",VLOOKUP(D34,Hoja2!$D$7:$E$9,2,FALSE),"")),"")
A35: 8.2 | B35: ¿Se cumple con el procedimiento? | C35: Ef | E35: =IF(D35<>"",IF(C35="Ex",VLOOKUP(D35,Hoja2!$A$7:$B$9,2,FALSE),IF(C35="ef",VLOOKUP(D35,Hoja2!$D$7:$E$9,2,FALSE),"")),"")
A36: 9 | B36: ¿La entidad tiene implementadas directrices, procedimientos, guías o lineamientos para realizar periódicamente inventarios y cruces de información, que le permitan verificar la existencia de activos y pasivos? | C36: Ex | E36: =IF(D36<>"",IF(C36="Ex",VLOOKUP(D36,Hoja2!$A$7:$B$9,2,FALSE),IF(C36="ef",VLOOKUP(D36,Hoja2!$D$7:$E$9,2,FALSE),"")),"")
A37: 9.1 | B37: ¿Se socializan las directrices, procedimientos, guías o lineamientos con el personal involucrado en el proceso? | C37: Ef | E37: =IF(D37<>"",IF(C37="Ex",VLOOKUP(D37,Hoja2!$A$7:$B$9,2,FALSE),IF(C37="ef",VLOOKUP(D37,Hoja2!$D$7:$E$9,2,FALSE),"")),"")
A38: 9.2 | B38: ¿Se cumple con estas directrices, procedimientos, guías o lineamientos? | C38: Ef | E38: =IF(D38<>"",IF(C38="Ex",VLOOKUP(D38,Hoja2!$A$7:$B$9,2,FALSE),IF(C38="ef",VLOOKUP(D38,Hoja2!$D$7:$E$9,2,FALSE),"")),"")
A39: 10 | B39: ¿Se tienen establecidas directrices, procedimientos, instrucciones, o lineamientos sobre análisis, depuración y seguimiento de cuentas para el mejoramiento y sostenibilidad de la calidad de la información? | C39: Ex | E39: =IF(D39<>"",IF(C39="Ex",VLOOKUP(D39,Hoja2!$A$7:$B$9,2,FALSE),IF(C39="ef",VLOOKUP(D39,Hoja2!$D$7:$E$9,2,FALSE),"")),"")
A40: 10.1 | B40: ¿Se socializan estas directrices, procedimientos, instrucciones, o lineamientos con el personal involucrado en el proceso? | C40: Ef | E40: =IF(D40<>"",IF(C40="Ex",VLOOKUP(D40,Hoja2!$A$7:$B$9,2,FALSE),IF(C40="ef",VLOOKUP(D40,Hoja2!$D$7:$E$9,2,FALSE),"")),"")
A41: 10.2 | B41: ¿Existen mecanismos para verificar el cumplimiento de estas directrices, procedimientos, instrucciones, lineamientos? | C41: Ef | E41: =IF(D41<>"",IF(C41="Ex",VLOOKUP(D41,Hoja2!$A$7:$B$9,2,FALSE),IF(C41="ef",VLOOKUP(D41,Hoja2!$D$7:$E$9,2,FALSE),"")),"")
A42: 10.3 | B42: ¿El análisis, la depuracion y el seguimiento de cuentas se realiza permanentemente o por lo menos periódicamente? | C42: Ef | E42: =IF(D42<>"",IF(C42="Ex",VLOOKUP(D42,Hoja2!$A$7:$B$9,2,FALSE),IF(C42="ef",VLOOKUP(D42,Hoja2!$D$7:$E$9,2,FALSE),"")),"")
B43: ETAPAS DEL PROCESO CONTABLE
B44: RECONOCIMIENTO
B45: IDENTIFICACIÓN | C45: TIPO | D45: CALIFICACIÓN | E45: TOTAL | F45: OBSERVACIONES
A46: 11 | B46: ¿Se evidencia por medio de flujogramas, u otra técnica o mecanismo, la forma como circula la información hacia el área contable? | C46: Ex | E46: =IF(D46<>"",IF(C46="Ex",VLOOKUP(D46,Hoja2!$A$7:$B$9,2,FALSE),IF(C46="ef",VLOOKUP(D46,Hoja2!$D$7:$E$9,2,FALSE),"")),"")
A47: 11.1 | B47: ¿La entidad ha identificado los proveedores de información dentro del proceso contable? | C47: Ef | E47: =IF(D47<>"",IF(C47="Ex",VLOOKUP(D47,Hoja2!$A$7:$B$9,2,FALSE),IF(C47="ef",VLOOKUP(D47,Hoja2!$D$7:$E$9,2,FALSE),"")),"")
A48: 11.2 | B48: ¿La entidad ha identificado los receptores de información dentro del proceso contable? | C48: Ef | E48: =IF(D48<>"",IF(C48="Ex",VLOOKUP(D48,Hoja2!$A$7:$B$9,2,FALSE),IF(C48="ef",VLOOKUP(D48,Hoja2!$D$7:$E$9,2,FALSE),"")),"")
A49: 12 | B49: ¿Los derechos y obligaciones se encuentran debidamente individualizados en la contabilidad, bien sea por el área contable, o bien por otras dependencias? | C49: Ex | E49: =IF(D49<>"",IF(C49="Ex",VLOOKUP(D49,Hoja2!$A$7:$B$9,2,FALSE),IF(C49="ef",VLOOKUP(D49,Hoja2!$D$7:$E$9,2,FALSE),"")),"")
A50: 12.1 | B50: ¿Los derechos y obligaciones se miden a partir de su individualización? | C50: Ef | E50: =IF(D50<>"",IF(C50="Ex",VLOOKUP(D50,Hoja2!$A$7:$B$9,2,FALSE),IF(C50="ef",VLOOKUP(D50,Hoja2!$D$7:$E$9,2,FALSE),"")),"")
A51: 12.2 | B51: ¿La baja en cuentas es factible a partir de la individualización de los derechos y obligaciones? | C51: Ef | E51: =IF(D51<>"",IF(C51="Ex",VLOOKUP(D51,Hoja2!$A$7:$B$9,2,FALSE),IF(C51="ef",VLOOKUP(D51,Hoja2!$D$7:$E$9,2,FALSE),"")),"")
A52: 13 | B52: ¿Para la identificación de los hechos económicos, se toma como base el marco normativo aplicable a la entidad? | C52: Ex | E52: =IF(D52<>"",IF(C52="Ex",VLOOKUP(D52,Hoja2!$A$7:$B$9,2,FALSE),IF(C52="ef",VLOOKUP(D52,Hoja2!$D$7:$E$9,2,FALSE),"")),"")
A53: 13.1 | B53: ¿En el proceso de identificación se tienen en cuenta los criterios para el reconocimiento de los hechos económicos definidos en las normas? | C53: Ef | E53: =IF(D53<>"",IF(C53="Ex",VLOOKUP(D53,Hoja2!$A$7:$B$9,2,FALSE),IF(C53="ef",VLOOKUP(D53,Hoja2!$D$7:$E$9,2,FALSE),"")),"")
B54: CLASIFICACIÓN | C54: TIPO | E54: TOTAL
A55: 14 | B55: ¿Se utiliza la versión actualizada del Catálogo General de Cuentas correspondiente al marco normativo aplicable a la entidad? | C55: Ex | E55: =IF(D55<>"",IF(C55="Ex",VLOOKUP(D55,Hoja2!$A$7:$B$9,2,FALSE),IF(C55="ef",VLOOKUP(D55,Hoja2!$D$7:$E$9,2,FALSE),"")),"")
A56: 14.1 | B56: ¿Se realizan revisiones permanentes sobre la vigencia del catálogo de cuentas? | C56: Ef | E56: =IF(D56<>"",IF(C56="Ex",VLOOKUP(D56,Hoja2!$A$7:$B$9,2,FALSE),IF(C56="ef",VLOOKUP(D56,Hoja2!$D$7:$E$9,2,FALSE),"")),"")
A57: 15 | B57: ¿Se llevan registros individualizados de los hechos económicos ocurridos en la entidad? | C57: Ex | E57: =IF(D57<>"",IF(C57="Ex",VLOOKUP(D57,Hoja2!$A$7:$B$9,2,FALSE),IF(C57="ef",VLOOKUP(D57,Hoja2!$D$7:$E$9,2,FALSE),"")),"")
A58: 15.1 | B58: ¿En el proceso de clasificación se consideran los criterios definidos en el marco normativo aplicable a la entidad? | C58: Ef | E58: =IF(D58<>"",IF(C58="Ex",VLOOKUP(D58,Hoja2!$A$7:$B$9,2,FALSE),IF(C58="ef",VLOOKUP(D58,Hoja2!$D$7:$E$9,2,FALSE),"")),"")
B59: REGISTRO | C59: TIPO | E59: TOTAL | F59: OBSERVACIONES
A60: 16 | B60: ¿Los hechos económicos se contabilizan cronológicamente? | C60: Ex | E60: =IF(D60<>"",IF(C60="Ex",VLOOKUP(D60,Hoja2!$A$7:$B$9,2,FALSE),IF(C60="ef",VLOOKUP(D60,Hoja2!$D$7:$E$9,2,FALSE),"")),"")
A61: 16.1 | B61: ¿Se verifica el registro contable cronológico de los hechos económicos? | C61: Ef | E61: =IF(D61<>"",IF(C61="Ex",VLOOKUP(D61,Hoja2!$A$7:$B$9,2,FALSE),IF(C61="ef",VLOOKUP(D61,Hoja2!$D$7:$E$9,2,FALSE),"")),"")
A62: 16.2 | B62: ¿Se verifica el registro consecutivo de los hechos económicos en los libros de contabilidad? | C62: Ef | E62: =IF(D62<>"",IF(C62="Ex",VLOOKUP(D62,Hoja2!$A$7:$B$9,2,FALSE),IF(C62="ef",VLOOKUP(D62,Hoja2!$D$7:$E$9,2,FALSE),"")),"")
A63: 17 | B63: ¿Los hechos económicos registrados están respaldados en documentos soporte idóneos? | C63: Ex | E63: =IF(D63<>"",IF(C63="Ex",VLOOKUP(D63,Hoja2!$A$7:$B$9,2,FALSE),IF(C63="ef",VLOOKUP(D63,Hoja2!$D$7:$E$9,2,FALSE),"")),"")
A64: 17.1 | B64: ¿Se verifica que los registros contables cuenten con los documentos de origen interno o externo que los soporten? | C64: Ef | E64: =IF(D64<>"",IF(C64="Ex",VLOOKUP(D64,Hoja2!$A$7:$B$9,2,FALSE),IF(C64="ef",VLOOKUP(D64,Hoja2!$D$7:$E$9,2,FALSE),"")),"")
A65: 17.2 | B65: ¿Se conservan y custodian los documentos soporte? | C65: Ef | E65: =IF(D65<>"",IF(C65="Ex",VLOOKUP(D65,Hoja2!$A$7:$B$9,2,FALSE),IF(C65="ef",VLOOKUP(D65,Hoja2!$D$7:$E$9,2,FALSE),"")),"")
A66: 18 | B66: ¿Para el registro de los hechos económicos, se elaboran los respectivos comprobantes de contabilidad? | C66: Ex | E66: =IF(D66<>"",IF(C66="Ex",VLOOKUP(D66,Hoja2!$A$7:$B$9,2,FALSE),IF(C66="ef",VLOOKUP(D66,Hoja2!$D$7:$E$9,2,FALSE),"")),"")
A67: 18.1 | B67: ¿Los comprobantes de contabilidad se realizan cronológicamente? | C67: Ef | E67: =IF(D67<>"",IF(C67="Ex",VLOOKUP(D67,Hoja2!$A$7:$B$9,2,FALSE),IF(C67="ef",VLOOKUP(D67,Hoja2!$D$7:$E$9,2,FALSE),"")),"")
A68: 18.2 | B68: ¿Los comprobantes de contabilidad se enumeran consecutivamente? | C68: Ef | E68: =IF(D68<>"",IF(C68="Ex",VLOOKUP(D68,Hoja2!$A$7:$B$9,2,FALSE),IF(C68="ef",VLOOKUP(D68,Hoja2!$D$7:$E$9,2,FALSE),"")),"")
A69: 19 | B69: ¿Los libros de contabilidad se encuentran debidamente soportados contabilidad coincide con la registrada en los comprobantes de contabilidad? | C69: Ex | E69: =IF(D69<>"",IF(C69="Ex",VLOOKUP(D69,Hoja2!$A$7:$B$9,2,FALSE),IF(C69="ef",VLOOKUP(D69,Hoja2!$D$7:$E$9,2,FALSE),"")),"")
A70: 19.1 | B70: ¿La información de los libros de contabilidad coincide con la registrada en los comprobantes de contabilidad? | C70: Ef | E70: =IF(D70<>"",IF(C70="Ex",VLOOKUP(D70,Hoja2!$A$7:$B$9,2,FALSE),IF(C70="ef",VLOOKUP(D70,Hoja2!$D$7:$E$9,2,FALSE),"")),"")
A71: 19.2 | B71: En caso de haber diferencias entre los registros en los libros y los comprobantes de contabilidad, ¿se realizan las conciliaciones y ajustes necesarios? | C71: Ef | E71: =IF(D71<>"",IF(C71="Ex",VLOOKUP(D71,Hoja2!$A$7:$B$9,2,FALSE),IF(C71="ef",VLOOKUP(D71,Hoja2!$D$7:$E$9,2,FALSE),"")),"")
A72: 20 | B72: ¿Existe algún mecanismo a través del cual se verifique la completitud de los registros contables? | C72: Ex | E72: =IF(D72<>"",IF(C72="Ex",VLOOKUP(D72,Hoja2!$A$7:$B$9,2,FALSE),IF(C72="ef",VLOOKUP(D72,Hoja2!$D$7:$E$9,2,FALSE),"")),"")
A73: 20.1 | B73: ¿Dicho mecanismo se aplica de manera permanente o periódica? | C73: Ef | E73: =IF(D73<>"",IF(C73="Ex",VLOOKUP(D73,Hoja2!$A$7:$B$9,2,FALSE),IF(C73="ef",VLOOKUP(D73,Hoja2!$D$7:$E$9,2,FALSE),"")),"")
A74: 20.2 | B74: ¿Los libros de contabilidad se encuentran actualizados y sus saldos están de acuerdo con el último informe trimestral transmitido a la Contaduría General de la Nación? | C74: Ef | E74: =IF(D74<>"",IF(C74="Ex",VLOOKUP(D74,Hoja2!$A$7:$B$9,2,FALSE),IF(C74="ef",VLOOKUP(D74,Hoja2!$D$7:$E$9,2,FALSE),"")),"")
B75: MEDICIÓN INICIAL | C75: TIPO | D75: CALIFICACIÓN | E75: TOTAL | F75: OBSERVACIONES
A76: 21 | B76: ¿Los criterios de medición inicial de los hechos económicos utilizados por la entidad corresponden al marco normativo aplicable a la entidad? | C76: Ex | E76: =IF(D76<>"",IF(C76="Ex",VLOOKUP(D76,Hoja2!$A$7:$B$9,2,FALSE),IF(C76="ef",VLOOKUP(D76,Hoja2!$D$7:$E$9,2,FALSE),"")),"")
A77: 21.1 | B77: ¿Los criterios de medición de los activos, pasivos, ingresos, gastos y costos contenidos en el marco normativo aplicable a la entidad, son de conocimiento del personal involucrado en el proceso contable? | C77: Ef | E77: =IF(D77<>"",IF(C77="Ex",VLOOKUP(D77,Hoja2!$A$7:$B$9,2,FALSE),IF(C77="ef",VLOOKUP(D77,Hoja2!$D$7:$E$9,2,FALSE),"")),"")
A78: 21.2 | B78: ¿Los criterios de medición de los activos, pasivos, ingresos, gastos y costos se aplican conforme al marco normativo que le corresponde a la entidad? | C78: Ef | E78: =IF(D78<>"",IF(C78="Ex",VLOOKUP(D78,Hoja2!$A$7:$B$9,2,FALSE),IF(C78="ef",VLOOKUP(D78,Hoja2!$D$7:$E$9,2,FALSE),"")),"")
B79: MEDICIÓN POSTERIOR | C79: TIPO | D79: CALIFICACIÓN | E79: TOTAL | F79: OBSERVACIONES
A80: 22 | B80: ¿Se calculan, de manera adecuada, los valores correspondientes a los procesos de depreciación, amortización, agotamiento y deterioro, según aplique? | C80: Ex | E80: =IF(D80<>"",IF(C80="Ex",VLOOKUP(D80,Hoja2!$A$7:$B$9,2,FALSE),IF(C80="ef",VLOOKUP(D80,Hoja2!$D$7:$E$9,2,FALSE),"")),"")
A81: 22.1 | B81: ¿Los cálculos de depreciación se realizan con base en lo establecido en la política? | C81: Ef | E81: =IF(D81<>"",IF(C81="Ex",VLOOKUP(D81,Hoja2!$A$7:$B$9,2,FALSE),IF(C81="ef",VLOOKUP(D81,Hoja2!$D$7:$E$9,2,FALSE),"")),"")
A82: 22.2 | B82: ¿La vida útil de la propiedad, planta y equipo, y la depreciación son objeto de revisión periodica? | C82: Ef | E82: =IF(D82<>"",IF(C82="Ex",VLOOKUP(D82,Hoja2!$A$7:$B$9,2,FALSE),IF(C82="ef",VLOOKUP(D82,Hoja2!$D$7:$E$9,2,FALSE),"")),"")
A83: 22.3 | B83: ¿Se verifican los indicios de deterioro de los activos por lo menos al final del periodo contable? | C83: Ef | E83: =IF(D83<>"",IF(C83="Ex",VLOOKUP(D83,Hoja2!$A$7:$B$9,2,FALSE),IF(C83="ef",VLOOKUP(D83,Hoja2!$D$7:$E$9,2,FALSE),"")),"")
A84: 23 | B84: ¿Se encuentran plenamente establecidos los criterios de medición posterior para cada uno de los elementos de los estados financieros? | C84: Ex | E84: =IF(D84<>"",IF(C84="Ex",VLOOKUP(D84,Hoja2!$A$7:$B$9,2,FALSE),IF(C84="ef",VLOOKUP(D84,Hoja2!$D$7:$E$9,2,FALSE),"")),"")
A85: 23.1 | B85: ¿Los criterios se establecen con base en el marco normativo aplicable a la entidad? | C85: Ef | E85: =IF(D85<>"",IF(C85="Ex",VLOOKUP(D85,Hoja2!$A$7:$B$9,2,FALSE),IF(C85="ef",VLOOKUP(D85,Hoja2!$D$7:$E$9,2,FALSE),"")),"")
A86: 23.2 | B86: ¿Se identifican los hechos económicos que deben ser objeto de actualización posterior? | C86: Ef | E86: =IF(D86<>"",IF(C86="Ex",VLOOKUP(D86,Hoja2!$A$7:$B$9,2,FALSE),IF(C86="ef",VLOOKUP(D86,Hoja2!$D$7:$E$9,2,FALSE),"")),"")
A87: 23.3 | B87: ¿Se verifica que la medición posterior se efectúa con base en los criterios establecidos en el marco normativo aplicable a la entidad? | C87: Ef | E87: =IF(D87<>"",IF(C87="Ex",VLOOKUP(D87,Hoja2!$A$7:$B$9,2,FALSE),IF(C87="ef",VLOOKUP(D87,Hoja2!$D$7:$E$9,2,FALSE),"")),"")
A88: 23.4 | B88: ¿La actualización de los hechos económicos se realiza de manera oportuna? | C88: Ef | E88: =IF(D88<>"",IF(C88="Ex",VLOOKUP(D88,Hoja2!$A$7:$B$9,2,FALSE),IF(C88="ef",VLOOKUP(D88,Hoja2!$D$7:$E$9,2,FALSE),"")),"")
A89: 23.5 | B89: ¿Se soportan las mediciones fundamentadas en estimaciones o juicios de profesionales expertos ajenos al proceso contable? | C89: Ef | E89: =IF(D89<>"",IF(C89="Ex",VLOOKUP(D89,Hoja2!$A$7:$B$9,2,FALSE),IF(C89="ef",VLOOKUP(D89,Hoja2!$D$7:$E$9,2,FALSE),"")),"")
B90: PRESENTACIÓN DE ESTADOS FINANCIEROS | C90: TIPO | D90: CALIFICACIÓN | E90: TOTAL | F90: OBSERVACIONES
A92: 24 | B92: ¿Se elaboran y presentan oportunamente los estados financieros a los usuarios de la información financiera? | C92: Ex | E92: =IF(D92<>"",IF(C92="Ex",VLOOKUP(D92,Hoja2!$A$7:$B$9,2,FALSE),IF(C92="ef",VLOOKUP(D92,Hoja2!$D$7:$E$9,2,FALSE),"")),"")
A93: 24.1 | B93: ¿Se cuenta con una política, directriz, procedimiento, guía o lineamiento para la divulgación de los estados financieros? | C93: Ef | E93: =IF(D93<>"",IF(C93="Ex",VLOOKUP(D93,Hoja2!$A$7:$B$9,2,FALSE),IF(C93="ef",VLOOKUP(D93,Hoja2!$D$7:$E$9,2,FALSE),"")),"")
A94: 24.2 | B94: ¿Se cumple la política, directriz, procedimiento, guía o lineamiento establecida para la divulgación de los estados financieros? | C94: Ef | E94: =IF(D94<>"",IF(C94="Ex",VLOOKUP(D94,Hoja2!$A$7:$B$9,2,FALSE),IF(C94="ef",VLOOKUP(D94,Hoja2!$D$7:$E$9,2,FALSE),"")),"")
A95: 24.3 | B95: ¿Se tienen en cuenta los estados financieros para la toma de decisiones en la gestión de la entidad? | C95: Ef | E95: =IF(D95<>"",IF(C95="Ex",VLOOKUP(D95,Hoja2!$A$7:$B$9,2,FALSE),IF(C95="ef",VLOOKUP(D95,Hoja2!$D$7:$E$9,2,FALSE),"")),"")
A96: 24.4 | B96: ¿Se elabora el juego completo de estados financieros, con corte al 31 de diciembre? | C96: Ef | E96: =IF(D96<>"",IF(C96="Ex",VLOOKUP(D96,Hoja2!$A$7:$B$9,2,FALSE),IF(C96="ef",VLOOKUP(D96,Hoja2!$D$7:$E$9,2,FALSE),"")),"")
A97: 25 | B97: ¿Las cifras contenidas en los estados financieros coinciden con los saldos de los libros de contabilidad? | C97: Ex | E97: =IF(D97<>"",IF(C97="Ex",VLOOKUP(D97,Hoja2!$A$7:$B$9,2,FALSE),IF(C97="ef",VLOOKUP(D97,Hoja2!$D$7:$E$9,2,FALSE),"")),"")
A98: 25.1 | B98: ¿Se realizan verificaciones de los saldos de las partidas de los estados financieros previo a la presentación de los estados financieros? | C98: Ef | E98: =IF(D98<>"",IF(C98="Ex",VLOOKUP(D98,Hoja2!$A$7:$B$9,2,FALSE),IF(C98="ef",VLOOKUP(D98,Hoja2!$D$7:$E$9,2,FALSE),"")),"")
A99: 26 | B99: ¿Se utiliza un sistema de indicadores para analizar e interpretar la realidad financiera de la entidad? | C99: Ex | E99: =IF(D99<>"",IF(C99="Ex",VLOOKUP(D99,Hoja2!$A$7:$B$9,2,FALSE),IF(C99="ef",VLOOKUP(D99,Hoja2!$D$7:$E$9,2,FALSE),"")),"")
A100: 26.1 | B100: ¿Los indicadores se ajustan a las necesidades de la entidad y del proceso contable? | C100: Ef | E100: =IF(D100<>"",IF(C100="Ex",VLOOKUP(D100,Hoja2!$A$7:$B$9,2,FALSE),IF(C100="ef",VLOOKUP(D100,Hoja2!$D$7:$E$9,2,FALSE),"")),"")
A101: 26.2 | B101: ¿Se verifica la fiabilidad de la información utilizada como insumo para la elaboración del indicador? | C101: Ef | E101: =IF(D101<>"",IF(C101="Ex",VLOOKUP(D101,Hoja2!$A$7:$B$9,2,FALSE),IF(C101="ef",VLOOKUP(D101,Hoja2!$D$7:$E$9,2,FALSE),"")),"")
A102: 27 | B102: ¿La información financiera presenta la suficiente ilustración para su adecuada comprensión por parte de los usuarios? | C102: Ex | E102: =IF(D102<>"",IF(C102="Ex",VLOOKUP(D102,Hoja2!$A$7:$B$9,2,FALSE),IF(C102="ef",VLOOKUP(D102,Hoja2!$D$7:$E$9,2,FALSE),"")),"")
A103: 27.1 | B103: ¿Las notas a los estados financieros cumplen con las revelaciones requeridas en las normas para el reconocimiento, medición, revelación y presentación de los hechos económicos del marco normativo aplicable? | C103: Ef | E103: =IF(D103<>"",IF(C103="Ex",VLOOKUP(D103,Hoja2!$A$7:$B$9,2,FALSE),IF(C103="ef",VLOOKUP(D103,Hoja2!$D$7:$E$9,2,FALSE),"")),"")
A104: 27.2 | B104: ¿El contenido de las notas a los estados financieros revela en forma suficiente la información de tipo cualitativo y cuantitativo para que sea útil al usuario? | C104: Ef | E104: =IF(D104<>"",IF(C104="Ex",VLOOKUP(D104,Hoja2!$A$7:$B$9,2,FALSE),IF(C104="ef",VLOOKUP(D104,Hoja2!$D$7:$E$9,2,FALSE),"")),"")
...

Sheet Resultado
A1: RESULTADOS DE LA EVALUACIÓN DEL CONTROL INTERNO CONTABLE
A2: NÚMERO | B2: EVALUACIÓN DEL CONTROL INTERNO CONTABLE | C2: SUBETAPAS | D2: PUNTAJE OBTENIDO
A3: 1 | B3: ELEMENTOS DEL MARCO NORMATIVO | C3: POLÍTICAS CONTABLES | D3: =IF(SUM('Marco contable'!E9:E42)>0,SUM('Marco contable'!E9:E42),"")
A4: 2 | B4: RECONOCIMIENTO | C4: IDENTIFICACIÓN | D4: =IF(SUM('Marco contable'!E46:E53)>0,SUM('Marco contable'!E46:E53),"")
C5: CLASIFICACIÓN | D5: =IF(SUM('Marco contable'!E55:E58)>0,SUM('Marco contable'!E55:E58),"")
C6: REGISTRO | D6: =IF(SUM('Marco contable'!E60:E74)>0,SUM('Marco contable'!E60:E74),"")
C7: MEDICIÓN INICIAL | D7: =IF(SUM('Marco contable'!E76:E78)>0,SUM('Marco contable'!E76:E78),"")
A8: 3 | B8: MEDICIÓN POSTERIOR | C8: MEDICIÓN POSTERIOR | D8: =IF(SUM('Marco contable'!E80:E89)>0,SUM('Marco contable'!E80:E89),"")
A9: 4 | B9: REVELACIÓN | C9: PRESENTACIÓN DE ESTADOS FINANCIEROS | D9: =IF(SUM('Marco contable'!E92:E107)>0,SUM('Marco contable'!E92:E107),"")
A10: 5 | B10: RENDICIÓN DE CUENTAS A PARTES INTERESADAS | C10: RENDICIÓN DE CUENTAS A PARTES INTERESADAS | D10: =IF(SUM('Marco contable'!E110:E112)>0,SUM('Marco contable'!E110:E112),"")
A11: 6 | B11: GESTIÓN DEL RIESGO CONTABLE | C11: GESTIÓN DEL RIESGO CONTABLE | D11: =IF(SUM('Marco contable'!E115:E126)>0,SUM('Marco contable'!E115:E126),"")
B14: MÁXIMO A OBTENER | C14: 5
B15: TOTAL PREGUNTAS | C15: 32
B16: PUNTAJE OBTENIDO | C16: ='Marco contable'!C131 -> 0
B17: Porcentaje obtenido | C17: ='Marco contable'!C132 -> 0
B18: Calificación | C18: =IF(C17<3,"DEFICIENTE",IF(AND(C17>=3,C17<4),"ADECUADO",IF(C17>=4,"EFICIENTE"))) -> DEFICIENTE
B21: RANGOS DE CALIFICACIÓN DE LA EVALUACIÓN DEL CONTROL INTERNO CONTABLE
B22: RANGO DE CALIFICACION | C22: CALIFICACIÓN CUALITATIVA
B23: 1.0 < CALIFICACION <3.0 | C23: DEFICIENTE
B24: 3.0 < CALIFICACION <4.0 | C24: ADECUADO
B25: 4.0 < CALIFICACION <5.0 | C25: EFICIENTE

Sheet Hoja2
A1: SI
A2: PARCIALMENTE
A3: NO
A6: EXISTENCIA | D6: EFECTIVIDAD
A7: SI | B7: 0.3 | D7: SI | E7: 0.7
A8: PARCIALMENTE | B8: 0.18 | D8: PARCIALMENTE | E8: 0.42
A9: NO | B9: 0.06 | D9: NO | E9: 0.14

Sheet PRUEBA
B1: MARCO DE REFERENCIA DEL PROCESO
B2: CONTABLE
B3: ELEMENTOS DEL MARCO NORMATIVO
B4: POLÍTICAS CONTABLES | C4: TIPO | D4: CALIFICACIÓN | E4: TOTAL | F4: OBSERVACIONES
A5: 1 | B5: ¿La entidad ha definido las políticas contables que debe aplicar para el reconocimiento, medición, revelación y presentación de los hechos económicos de acuerdo con el marco normativo que le corresponde | C5: Ex | D5: SI | E5: =IF(D5<>"",IF(C5="Ex",VLOOKUP(D5,Hoja2!$A$7:$B$9,2,FALSE),IF(C5="ef",VLOOKUP(D5,Hoja2!$D$7:$E$9,2,FALSE),"")),"") -> 0.3
B6: aplicar?
A7: 1.1 | B7: ¿Se socializan las políticas con el personal involucrado en el proceso | C7: Ef | D7: SI | E7: =IF(D7<>"",IF(C7="Ex",VLOOKUP(D7,Hoja2!$A$7:$B$9,2,FALSE),IF(C7="ef",VLOOKUP(D7,Hoja2!$D$7:$E$9,2,FALSE),"")),"") -> 0.7
B8: contable?
A9: 1.2 | B9: ¿Las políticas establecidas son aplicadas en el desarrollo del proceso | C9: Ef | D9: SI | E9: =IF(D9<>"",IF(C9="Ex",VLOOKUP(D9,Hoja2!$A$7:$B$9,2,FALSE),IF(C9="ef",VLOOKUP(D9,Hoja2!$D$7:$E$9,2,FALSE),"")),"") -> 0.7
B10: contable?
A11: 1.3 | B11: ¿Las políticas contables responden a la | C11: Ef | D11: SI | E11: =IF(D11<>"",IF(C11="Ex",VLOOKUP(D11,Hoja2!$A$7:$B$9,2,FALSE),IF(C11="ef",VLOOKUP(D11,Hoja2!$D$7:$E$9,2,FALSE),"")),"") -> 0.7
B12: naturaleza y a la actividad de la entidad?
A13: 1.4 | B13: ¿Las políticas contables propenden por la representación fiel de la información | C13: Ef | D13: SI | E13: =IF(D13<>"",IF(C13="Ex",VLOOKUP(D13,Hoja2!$A$7:$B$9,2,FALSE),IF(C13="ef",VLOOKUP(D13,Hoja2!$D$7:$E$9,2,FALSE),"")),"") -> 0.7
B14: financiera?
A15: 2 | B15: ¿Se establecen instrumentos (planes, procedimientos, manuales, reglas de negocio, guías, etc) para el | C15: Ex | D15: SI | E15: =IF(D15<>"",IF(C15="Ex",VLOOKUP(D15,Hoja2!$A$7:$B$9,2,FALSE),IF(C15="ef",VLOOKUP(D15,Hoja2!$D$7:$E$9,2,FALSE),"")),"") -> 0.3
B16: seguimiento al cumplimiento de los
B17: planes de mejoramiento derivados de | E17: =IF(D17<>"",IF(C17="Ex",VLOOKUP(D17,Hoja2!$A$7:$B$9,2,FALSE),IF(C17="ef",VLOOKUP(D17,Hoja2!$D$7:$E$9,2,FALSE),"")),"")
B18: los hallazgos de auditoría interna o externa?
A19: 2.1 | B19: ¿Se socializan estos instrumentos de | C19: Ef | D19: SI | E19: =IF(D19<>"",IF(C19="Ex",VLOOKUP(D19,Hoja2!$A$7:$B$9,2,FALSE),IF(C19="ef",VLOOKUP(D19,Hoja2!$D$7:$E$9,2,FALSE),"")),"") -> 0.7
B20: seguimiento con los responsables?
A21: 2.2 | B21: ¿Se hace seguimiento o monitoreo al | C21: Ef | D21: SI | E21: =IF(D21<>"",IF(C21="Ex",VLOOKUP(D21,Hoja2!$A$7:$B$9,2,FALSE),IF(C21="ef",VLOOKUP(D21,Hoja2!$D$7:$E$9,2,FALSE),"")),"") -> 0.7
B22: cumplimiento de los planes de mejoramiento?
A23: 3 | B23: ¿La entidad cuenta con una política o instrumento (procedimiento, manual, regla de negocio, guía, instructivo, etc.) tendiente a facilitar el flujo de información relativo a los hechos económicos originados en cualquier | C23: Ex | D23: SI | E23: =IF(D23<>"",IF(C23="Ex",VLOOKUP(D23,Hoja2!$A$7:$B$9,2,FALSE),IF(C23="ef",VLOOKUP(D23,Hoja2!$D$7:$E$9,2,FALSE),"")),"") -> 0.3
B24: dependencia?
A25: 3.1 | B25: ¿Se socializan estas herramientas con | C25: Ef | D25: SI | E25: =IF(D25<>"",IF(C25="Ex",VLOOKUP(D25,Hoja2!$A$7:$B$9,2,FALSE),IF(C25="ef",VLOOKUP(D25,Hoja2!$D$7:$E$9,2,FALSE),"")),"") -> 0.7
B26: el personal involucrado en el proceso?
A27: 3.2 | B27: ¿Se tienen identificados los documentos idóneos mediante los | C27: Ef | D27: SI | E27: =IF(D27<>"",IF(C27="Ex",VLOOKUP(D27,Hoja2!$A$7:$B$9,2,FALSE),IF(C27="ef",VLOOKUP(D27,Hoja2!$D$7:$E$9,2,FALSE),"")),"") -> 0.7
B28: cuales se informa al área contable?
A29: 3.3 | B29: ¿Existen procedimientos internos | C29: Ef | D29: SI | E29: =IF(D29<>"",IF(C29="Ex",VLOOKUP(D29,Hoja2!$A$7:$B$9,2,FALSE),IF(C29="ef",VLOOKUP(D29,Hoja2!$D$7:$E$9,2,FALSE),"")),"") -> 0.7
B30: documentados que faciliten la aplicación de la política?
A31: 4 | B31: ¿Se ha implementado una política o instrumento (directriz, procedimiento, guía o lineamiento) sobre la identificación de los bienes físicos en forma individualizada dentro del | C31: Ex | D31: SI | E31: =IF(D31<>"",IF(C31="Ex",VLOOKUP(D31,Hoja2!$A$7:$B$9,2,FALSE),IF(C31="ef",VLOOKUP(D31,Hoja2!$D$7:$E$9,2,FALSE),"")),"") -> 0.3
B32: proceso contable de la entidad?
A33: 4.1 | B33: ¿Se ha socializado este instrumento con el personal involucrado en el | C33: Ef | D33: SI | E33: =IF(D33<>"",IF(C33="Ex",VLOOKUP(D33,Hoja2!$A$7:$B$9,2,FALSE),IF(C33="ef",VLOOKUP(D33,Hoja2!$D$7:$E$9,2,FALSE),"")),"") -> 0.7
B34: proceso?
A35: 4.2 | B35: ¿Se verifica la individualización de los | C35: Ef | D35: SI | E35: =IF(D35<>"",IF(C35="Ex",VLOOKUP(D35,Hoja2!$A$7:$B$9,2,FALSE),IF(C35="ef",VLOOKUP(D35,Hoja2!$D$7:$E$9,2,FALSE),"")),"") -> 0.7
B36: bienes físicos?
A37: 5 | B37: ¿Se cuenta con una directriz, guía o | C37: Ex | D37: SI | E37: =IF(D37<>"",IF(C37="Ex",VLOOKUP(D37,Hoja2!$A$7:$B$9,2,FALSE),IF(C37="ef",VLOOKUP(D37,Hoja2!$D$7:$E$9,2,FALSE),"")),"") -> 0.3
B38: procedimiento para realizar las conciliaciones de las partidas más relevantes, a fin de lograr una adecuada identificación y medición?
A39: 5.1 | B39: ¿Se socializan estas directrices, guías o procedimientos con el personal | C39: Ef | D39: SI | E39: =IF(D39<>"",IF(C39="Ex",VLOOKUP(D39,Hoja2!$A$7:$B$9,2,FALSE),IF(C39="ef",VLOOKUP(D39,Hoja2!$D$7:$E$9,2,FALSE),"")),"") -> 0.7
B40: involucrado en el proceso?
A41: 5.2 | B41: ¿Se verifica la aplicación de estas | C41: Ef | D41: SI | E41: =IF(D41<>"",IF(C41="Ex",VLOOKUP(D41,Hoja2!$A$7:$B$9,2,FALSE),IF(C41="ef",VLOOKUP(D41,Hoja2!$D$7:$E$9,2,FALSE),"")),"") -> 0.7
B42: directrices, guías o procedimientos?
A43: 6 | B43: ¿Se cuenta con una directriz, guía, lineamiento, procedimiento o instrucción en que se defina la segregación de funciones (autorizaciones, registros y manejos) | C43: Ex | D43: SI | E43: =IF(D43<>"",IF(C43="Ex",VLOOKUP(D43,Hoja2!$A$7:$B$9,2,FALSE),IF(C43="ef",VLOOKUP(D43,Hoja2!$D$7:$E$9,2,FALSE),"")),"") -> 0.3
B44: dentro de los procesos contables?
A45: 6.1 | B45: ¿Se socializa esta directriz, guía, lineamiento, procedimiento o instrucción con el personal involucrado | C45: Ef | D45: SI | E45: =IF(D45<>"",IF(C45="Ex",VLOOKUP(D45,Hoja2!$A$7:$B$9,2,FALSE),IF(C45="ef",VLOOKUP(D45,Hoja2!$D$7:$E$9,2,FALSE),"")),"") -> 0.7
B46: en el proceso?
A47: 6.2 | B47: ¿Se verifica el cumplimiento de esta directriz, guía, lineamiento, | C47: Ef | D47: SI | E47: =IF(D47<>"",IF(C47="Ex",VLOOKUP(D47,Hoja2!$A$7:$B$9,2,FALSE),IF(C47="ef",VLOOKUP(D47,Hoja2!$D$7:$E$9,2,FALSE),"")),"") -> 0.7
B48: procedimiento o instrucción?
A49: 7 | B49: ¿Se cuenta con una directriz, procedimiento, guía, lineamiento o instrucción para la presentación oportuna de la información | C49: Ex | D49: SI | E49: =IF(D49<>"",IF(C49="Ex",VLOOKUP(D49,Hoja2!$A$7:$B$9,2,FALSE),IF(C49="ef",VLOOKUP(D49,Hoja2!$D$7:$E$9,2,FALSE),"")),"") -> 0.3
B50: financiera?
A51: 7.1 | B51: ¿Se socializa esta directriz, guía, lineamiento, procedimiento o instrucción con el personal involucrado | C51: Ef | D51: SI | E51: =IF(D51<>"",IF(C51="Ex",VLOOKUP(D51,Hoja2!$A$7:$B$9,2,FALSE),IF(C51="ef",VLOOKUP(D51,Hoja2!$D$7:$E$9,2,FALSE),"")),"") -> 0.7
B52: en el proceso?
A53: 7.2 | B53: ¿Se cumple con la directriz, guía, lineamiento, procedimiento o | C53: Ef | D53: SI | E53: =IF(D53<>"",IF(C53="Ex",VLOOKUP(D53,Hoja2!$A$7:$B$9,2,FALSE),IF(C53="ef",VLOOKUP(D53,Hoja2!$D$7:$E$9,2,FALSE),"")),"") -> 0.7
B54: instrucción?
A55: 8 | B55: ¿Existe un procedimiento para llevar a cabo, en forma adecuada, el cierre integral de la información producida en las áreas o dependencias que | C55: Ex | D55: SI | E55: =IF(D55<>"",IF(C55="Ex",VLOOKUP(D55,Hoja2!$A$7:$B$9,2,FALSE),IF(C55="ef",VLOOKUP(D55,Hoja2!$D$7:$E$9,2,FALSE),"")),"") -> 0.3
B56: generan hechos económicos?
A57: 8.1 | B57: ¿Se socializa este procedimiento con el | C57: Ef | D57: SI | E57: =IF(D57<>"",IF(C57="Ex",VLOOKUP(D57,Hoja2!$A$7:$B$9,2,FALSE),IF(C57="ef",VLOOKUP(D57,Hoja2!$D$7:$E$9,2,FALSE),"")),"") -> 0.7
B58: personal involucrado en el proceso?
A59: 8.2 | B59: ¿Se cumple con el procedimiento? | C59: Ef | D59: SI | E59: =IF(D59<>"",IF(C59="Ex",VLOOKUP(D59,Hoja2!$A$7:$B$9,2,FALSE),IF(C59="ef",VLOOKUP(D59,Hoja2!$D$7:$E$9,2,FALSE),"")),"") -> 0.7
A60: 9 | B60: ¿La entidad tiene implementadas directrices, procedimientos, guías o lineamientos para realizar periódicamente inventarios y cruces de información, que le permitan verificar la existencia de activos y | C60: Ex | D60: SI | E60: =IF(D60<>"",IF(C60="Ex",VLOOKUP(D60,Hoja2!$A$7:$B$9,2,FALSE),IF(C60="ef",VLOOKUP(D60,Hoja2!$D$7:$E$9,2,FALSE),"")),"") -> 0.3
B61: pasivos?
A62: 9.1 | B62: ¿Se socializan las directrices, procedimientos, guías o lineamientos con el personal involucrado en el | C62: Ef | D62: SI | E62: =IF(D62<>"",IF(C62="Ex",VLOOKUP(D62,Hoja2!$A$7:$B$9,2,FALSE),IF(C62="ef",VLOOKUP(D62,Hoja2!$D$7:$E$9,2,FALSE),"")),"") -> 0.7
B63: proceso?
A64: 9.2 | B64: ¿Se cumple con estas directrices, | C64: Ef | D64: SI | E64: =IF(D64<>"",IF(C64="Ex",VLOOKUP(D64,Hoja2!$A$7:$B$9,2,FALSE),IF(C64="ef",VLOOKUP(D64,Hoja2!$D$7:$E$9,2,FALSE),"")),"") -> 0.7
B65: procedimientos, guías o lineamientos?
A66: 10 | B66: ¿Se tienen establecidas directrices, procedimientos, instrucciones, o lineamientos sobre análisis, depuración y seguimiento de cuentas para el mejoramiento y sostenibilidad | C66: Ex | D66: SI | E66: =IF(D66<>"",IF(C66="Ex",VLOOKUP(D66,Hoja2!$A$7:$B$9,2,FALSE),IF(C66="ef",VLOOKUP(D66,Hoja2!$D$7:$E$9,2,FALSE),"")),"") -> 0.3
B67: de la calidad de la información?
A68: 10.1 | B68: ¿Se socializan estas directrices, procedimientos, instrucciones, o lineamientos con el personal | C68: Ef | D68: SI | E68: =IF(D68<>"",IF(C68="Ex",VLOOKUP(D68,Hoja2!$A$7:$B$9,2,FALSE),IF(C68="ef",VLOOKUP(D68,Hoja2!$D$7:$E$9,2,FALSE),"")),"") -> 0.7
B69: involucrado en el proceso?
A70: 10.2 | B70: ¿Existen mecanismos para verificar el cumplimiento de estas directrices, procedimientos, instrucciones, o | C70: Ef | D70: SI | E70: =IF(D70<>"",IF(C70="Ex",VLOOKUP(D70,Hoja2!$A$7:$B$9,2,FALSE),IF(C70="ef",VLOOKUP(D70,Hoja2!$D$7:$E$9,2,FALSE),"")),"") -> 0.7
B71: lineamientos?
A72: 10.3 | B72: ¿El análisis, la depuracion y el seguimiento de cuentas se realiza permanentemente o por lo menos | C72: Ef | D72: SI | E72: =IF(D72<>"",IF(C72="Ex",VLOOKUP(D72,Hoja2!$A$7:$B$9,2,FALSE),IF(C72="ef",VLOOKUP(D72,Hoja2!$D$7:$E$9,2,FALSE),"")),"") -> 0.7
B73: periódicamente?
B74: ETAPAS DEL PROCESO CONTABLE
B75: RECONOCIMIENTO
B76: IDENTIFICACIÓN | C76: TIPO | E76: TOTAL | F76: OBSERVACIONES
A77: 11 | B77: ¿Se evidencia por medio de flujogramas, u otra técnica o mecanismo, la forma como circula la | C77: Ex | D77: SI | E77: =IF(D77<>"",IF(C77="Ex",VLOOKUP(D77,Hoja2!$A$7:$B$9,2,FALSE),IF(C77="ef",VLOOKUP(D77,Hoja2!$D$7:$E$9,2,FALSE),"")),"") -> 0.3
B78: información hacia el área contable?
A79: 11.1 | B79: ¿La entidad ha identificado los | C79: Ef | D79: SI | E79: =IF(D79<>"",IF(C79="Ex",VLOOKUP(D79,Hoja2!$A$7:$B$9,2,FALSE),IF(C79="ef",VLOOKUP(D79,Hoja2!$D$7:$E$9,2,FALSE),"")),"") -> 0.7
B80: proveedores de información dentro del proceso contable?
A81: 11.2 | B81: ¿La entidad ha identificado los receptores de información dentro del | C81: Ef | D81: SI | E81: =IF(D81<>"",IF(C81="Ex",VLOOKUP(D81,Hoja2!$A$7:$B$9,2,FALSE),IF(C81="ef",VLOOKUP(D81,Hoja2!$D$7:$E$9,2,FALSE),"")),"") -> 0.7
B82: proceso contable?
A83: 12 | B83: ¿Los derechos y obligaciones se encuentran debidamente individualizados en la contabilidad, bien sea por el área contable, o bien | C83: Ex | D83: SI | E83: =IF(D83<>"",IF(C83="Ex",VLOOKUP(D83,Hoja2!$A$7:$B$9,2,FALSE),IF(C83="ef",VLOOKUP(D83,Hoja2!$D$7:$E$9,2,FALSE),"")),"") -> 0.3
B84: por otras dependencias?
A85: 12.1 | B85: ¿Los derechos y obligaciones se miden | C85: Ef | D85: SI | E85: =IF(D85<>"",IF(C85="Ex",VLOOKUP(D85,Hoja2!$A$7:$B$9,2,FALSE),IF(C85="ef",VLOOKUP(D85,Hoja2!$D$7:$E$9,2,FALSE),"")),"") -> 0.7
B86: a partir de su individualización?
A87: 12.2 | B87: ¿La baja en cuentas es factible a partir | C87: Ef | D87: SI | E87: =IF(D87<>"",IF(C87="Ex",VLOOKUP(D87,Hoja2!$A$7:$B$9,2,FALSE),IF(C87="ef",VLOOKUP(D87,Hoja2!$D$7:$E$9,2,FALSE),"")),"") -> 0.7
B88: de la individualización de los derechos y obligaciones?
A89: 13 | B89: ¿Para la identificación de los hechos económicos, se toma como base el marco normativo aplicable a la | C89: Ex | D89: SI | E89: =IF(D89<>"",IF(C89="Ex",VLOOKUP(D89,Hoja2!$A$7:$B$9,2,FALSE),IF(C89="ef",VLOOKUP(D89,Hoja2!$D$7:$E$9,2,FALSE),"")),"") -> 0.3
B90: entidad?
A91: 13.1 | B91: ¿En el proceso de identificación se tienen en cuenta los criterios para el reconocimiento de los hechos | C91: Ef | D91: SI | E91: =IF(D91<>"",IF(C91="Ex",VLOOKUP(D91,Hoja2!$A$7:$B$9,2,FALSE),IF(C91="ef",VLOOKUP(D91,Hoja2!$D$7:$E$9,2,FALSE),"")),"") -> 0.7
B92: económicos definidos en las normas?
B93: CLASIFICACIÓN | C93: TIPO | E93: TOTAL | F93: OBSERVACIONES
A94: 14 | B94: ¿Se utiliza la versión actualizada del Catálogo General de Cuentas correspondiente al marco normativo | C94: Ex | D94: SI | E94: =IF(D94<>"",IF(C94="Ex",VLOOKUP(D94,Hoja2!$A$7:$B$9,2,FALSE),IF(C94="ef",VLOOKUP(D94,Hoja2!$D$7:$E$9,2,FALSE),"")),"") -> 0.3
B95: aplicable a la entidad?
A96: 14.1 | B96: ¿Se realizan revisiones permanentes sobre la vigencia del catálogo de | C96: Ef | D96: SI | E96: =IF(D96<>"",IF(C96="Ex",VLOOKUP(D96,Hoja2!$A$7:$B$9,2,FALSE),IF(C96="ef",VLOOKUP(D96,Hoja2!$D$7:$E$9,2,FALSE),"")),"") -> 0.7
B97: cuentas?
A98: 15 | B98: ¿Se llevan registros individualizados | C98: Ex | D98: SI | E98: =IF(D98<>"",IF(C98="Ex",VLOOKUP(D98,Hoja2!$A$7:$B$9,2,FALSE),IF(C98="ef",VLOOKUP(D98,Hoja2!$D$7:$E$9,2,FALSE),"")),"") -> 0.3
B99: de los hechos económicos ocurridos en la entidad?
A100: 15.1 | B100: ¿En el proceso de clasificación se consideran los criterios definidos en el marco normativo aplicable a la | C100: Ef | D100: SI | E100: =IF(D100<>"",IF(C100="Ex",VLOOKUP(D100,Hoja2!$A$7:$B$9,2,FALSE),IF(C100="ef",VLOOKUP(D100,Hoja2!$D$7:$E$9,2,FALSE),"")),"") -> 0.7
...
